 Dungeon Crawl Stone Soup version 0.30-a0-702-gdf48620a09 (webtiles) character file.

Game seed: 5390622083608500221

108 acebull12 the Covered (level 4, -1/41 HPs)
             Began as a Minotaur Fighter on Jan 21, 2023.
             Killed by nerve-wracking pain
             ... invoked by Jessica
              (14 damage)
             ... on level 3 of the Dungeon.
             The game lasted 00:02:43 (1988 turns).

acebull12 the Covered (Minotaur Fighter)            Turns: 1988, Time: 00:02:44

Health: -1/41      AC: 11    Str: 22    XL:     4   Next: 58%
Magic:  3/3        EV:  9    Int:  5    God:
Gold:   132        SH:  4    Dex: 10    Spells: 3/3 levels left

rFire   . . .      SeeInvis .    a - +0 war axe
rCold   . . .      Faith    .    c - +0 buckler
rNeg    . . .      Spirit   .    b - +0 scale mail
rPois   .          Reflect  .    (helmet restricted)
rElec   .          Harm     .    (no cloak)
rCorr   +          Rampage  .    v - +0 pair of gloves
Will    .....                    g - +2 pair of boots Stlth
                                 (no amulet)
HPRegen 0.26/turn                h - ring of resist corrosion
MPRegen 0.08/turn                (no ring)

@: no status effects
A: horns 2, retaliatory headbutt
a: no special abilities


You were on level 3 of the Dungeon.
You visited 1 branch of the dungeon, and saw 3 of its levels.

You collected 132 gold pieces.

Inventory:

Hand Weapons
 a - a +0 war axe (weapon)
Missiles
 u - 16 stones (quivered)
Armour
 b - a +0 scale mail (worn)
 c - a +0 buckler (worn)
 g - a +2 pair of boots (worn)
 v - a +0 pair of gloves (worn)
Jewellery
 h - a ring of resist corrosion (left hand)
 s - a +6 ring of strength
 t - an amulet of guardian spirit
Scrolls
 f - a scroll of vulnerability {unknown}
 i - a scroll of amnesia {unknown}
 l - 2 scrolls of fear {unknown}
 o - 2 scrolls of torment {unknown}
 p - 3 scrolls of enchant armour {unknown}
 q - 2 scrolls of magic mapping {unknown}
 r - a scroll of noise {unknown}
 w - a scroll of fog {unknown}
Potions
 d - a potion of might
 e - a potion of attraction {unknown}
 j - a potion of invisibility {unknown}
 k - a potion of cancellation {unknown}
 m - a potion of resistance {unknown}
 n - 2 potions of curing {unknown}
 x - a potion of mutation {unknown}


   Skills:
 + Level 4.5 Fighting
 + Level 3.3 Axes
 * Level 5.1 Armour
 + Level 0.4 Dodging
 - Level 0.1 Stealth
 + Level 3.8 Shields


You had 3 spell levels left.
You didn't know any spells.
Your spell library was empty.

Dungeon Overview and Level Annotations

Branches:
Dungeon (3/15)

Altars:
Dithmenos

Annotations:
D:3 Jessica


Innate Abilities, Weirdness & Mutations

You have a pair of horns on your head.
You reflexively headbutt those who attack you in melee.


Message History

You hit Jessica.
Jessica is almost dead.
Jessica hits you but does no damage.
Jessica hits you with a +2 spectral club.
You barely miss Jessica.
Jessica is almost dead.
Jessica hits you with a +2 spectral club.
Jessica hits you but does no damage.
You barely miss Jessica.
Jessica is almost dead.
Jessica casts a spell at you. Pain shoots through your body!
Jessica casts a spell at you.
You barely resist.
You are too injured to fight recklessly!
You are too injured to fight recklessly!
You are too injured to fight recklessly!
You are too injured to fight recklessly!
You completely miss Jessica.
Jessica is almost dead.
Jessica casts a spell at you. Pain shoots through your body!
Jessica hits you with a +2 spectral club.
* * * LOW HITPOINT WARNING * * *
You barely miss Jessica.
Jessica is almost dead.
Jessica hits you but does no damage. You block Jessica's attack.
You barely miss Jessica.
Jessica is almost dead.
Jessica casts a spell at you.
You barely resist. Jessica misses you.
You barely miss Jessica.
Jessica is severely wounded.
Jessica closely misses you. Jessica hits you but does no damage.
You barely miss Jessica.
Jessica is severely wounded.
Jessica hits you but does no damage. Jessica casts a spell at you.
Pain shoots through your body!
You die...

.........#.#
##.#.......###
#.#.#.......#
#.#.###.###.#
#.#.# #†# #.##
# #.#.# #.#
#.#. .## #.#.#
#.# #.#.
#[.### #.#.#
#.#
#.#.##@....##
..#.# #.#
#.#!.@......#
#.# #.#
#.##...###...
#.#
#.....##.##..
#.#
#####.#._.#.#
#.# #.(.....#
#.# ##.....##
##### #.#
#...## ....#
#.# ####
###.####.#


You could see Jessica (fast).

Vanquished Creatures
  4 adders (D:2)
  A worm (D:3)
  3 dart slugs
  4 orcs (D:3)
  3 ball pythons
  5 bats
  2 endoplasms (D:1)
  A giant cockroach (D:3)
  5 goblins
  5 hobgoblins
  4 jackals (D:1)
  3 quokkas
  6 frilled lizards
  7 kobolds
  6 rats
59 creatures vanquished.

Notes
Turn   | Place    | Note
-------+----------+-------------------------------------------
     0 | D:1      | acebull12 the Minotaur Fighter began the quest for the Orb.
     0 | D:1      | Reached XP level 1. HP: 19/19 MP: 0/0
   144 | D:1      | Reached skill level 4 in Armour
   144 | D:1      | Reached XP level 2. HP: 25/27 MP: 1/1
   653 | D:1      | Reached XP level 3. HP: 32/34 MP: 2/2
  1121 | D:2      | Reached XP level 4. HP: 41/41 MP: 3/3
  1723 | D:3      | Reached skill level 5 in Armour
  1973 | D:3      | Found a shadowy altar of Dithmenos.
  1973 | D:3      | Noticed Jessica
  1988 | D:3      | Killed from afar by Jessica

Illustrated notes

Levels and vault maps discovered:
D:1:      minmay_arrival_plants_in_alcoves, layout_basic
D:2:      layout_basic, nicolae_half_adder
D:3:      layout_basic, nicolae_dithmenos_through_a_glass_darkly, uniq_jessica

Skill      XL: |  1  2  3  4 |
---------------+-------------+-----
Fighting       | 4 |  4.5
Armour         | 4 5 |  5.1
Axes           | 3 |  3.3
Dodging        | |  0.4
Stealth        | |  0.1
Shields        | |  3.8

Action                   |  1- 3 |  4- 6 || total
-------------------------+-------+-------++-------
Melee: War axe           |    75 |    43 ||   118
       Headbutt          |    14 |     6 ||    20
Armor: Scale mail        |    49 |    25 ||    74
Dodge: Dodged            |    28 |    13 ||    41
Block: Buckler           |    15 |     9 ||    24

Table legend: (Time is in decaauts)
 A = Elapsed time spent in this place.
 B = Non-inter-level travel time spent in this place.
 C = Inter-level travel time spent in this place.
 D = Time resting spent in this place.
 E = Time spent auto-exploring this place.
 F = Levels seen in this place.
 G = Mean time per level.
                   A        B        C        D        E       F      G
               +--------+--------+--------+--------+--------+-----+--------+
         Total |   2035 |   1828 |    207 |      0 |   1453 |   3 |  678.3 |
       Dungeon |   2035 |   1828 |    207 |      0 |   1453 |   3 |  678.3 |
               +--------+--------+--------+--------+--------+-----+--------+

Top non-repeatable levels by time:
     D:1: 1044 daAuts
     D:2: 652 daAuts
     D:3: 338 daAuts
